 Dungeon Crawl Stone Soup version 0.20-a0-960-ge493e74 (webtiles) character file.

12741 MrRokkomies the Fighter (level 12, -1/79 HPs)
             Began as a Kobold Artificer on Apr 7, 2017.
             Was a Priest of Wu Jian.
             Slain by a komodo dragon (12 damage)
             ... on level 1 of the Lair of Beasts.
             The game lasted 00:36:25 (14544 turns).

MrRokkomies the Fighter (Kobold Artificer)         Turns: 14544, Time: 00:36:26

Health: -1/79      AC: 22    Str: 14    XL:     12   Next: 24%
Magic:  16/16      EV: 12    Int: 12    God:    Wu Jian [***...]
Gold:   757        SH:  0    Dex: 14    Spells: 11/11 levels left

rFire    . . .     SeeInvis .   a - +4 morningstar
rCold    + . .     Gourm    .   (shield restricted)
rNeg     . . .     Faith    .   k - +2 chain mail {rC+}
rPois    .         Spirit   .   (no helmet)
rElec    .         Reflect  .   Q - +1 cloak
rCorr    .         Harm     .   x - +0 pair of gloves
MR       .....                  q - +1 pair of boots
Stlth    ..........             (no amulet)
Regen    0.3/turn               g - +3 ring of protection
MPRegen  0.2/turn               (no ring)

@: no status effects
A: repulsion field 1, carnivore 3, clumsy 1
a: Renounce Religion


You were on level 1 of the Lair of Beasts.
You worshipped Wu Jian.
Wu Jian was most pleased with you.
You were very full.

You visited 3 branches of the dungeon, and saw 12 of its levels.
You also visited: Ossuary.

You collected 757 gold pieces.

Inventory:

Hand Weapons
 a - a +4 morningstar (weapon)
 b - a +0 hand crossbow
 s - a +0 flail of holy wrath
 C - a +0 blowgun
 J - a +2 dagger of venom
Missiles
 h - 14 tomahawks (quivered)
 v - 115 bolts
 E - 3 poisoned needles
Armour
 k - a +2 chain mail of cold resistance (worn)
 q - a +1 pair of boots (worn)
 x - a +0 pair of gloves (worn)
 Q - a +1 cloak (worn)
Jewellery
 g - a +3 ring of protection (left hand)
Wands
 c - a wand of flame (0/48)
 d - a wand of enslavement (5/24)
 e - a wand of random effects (7/48)
 l - a wand of flame (0/48)
 w - a wand of confusion (18/48)
 z - a wand of flame (38/48)
 F - a wand of acid (0/15)
 H - a wand of polymorph (11/24)
 I - a wand of iceblast (11/15)
 L - a wand of polymorph (15/24)
 P - a wand of digging (7/24)
 U - a wand of enslavement (10/24)
Scrolls
 n - 3 scrolls of remove curse
 u - 4 scrolls of recharging
 y - 2 scrolls of fear
 A - 2 scrolls of magic mapping
 B - a scroll of fog
 D - 4 scrolls of identify
 N - a scroll of teleportation
 O - a scroll of immolation
 R - a scroll of enchant weapon
 S - a scroll of blinking
Potions
 j - 3 potions of agility
 m - 3 potions of flight
 o - a potion of brilliance
 p - 5 potions of haste
 t - a potion of magic
 G - 3 potions of lignification
 K - 2 potions of resistance
 T - a potion of curing
Books
 r - a book of Cantrips

   Spells                             Type                      Level
   a - Confusing Touch                Hexes                        1
   b - Animate Skeleton               Necromancy                   1
   c - Summon Small Mammal            Summoning                    1
   d - Apportation                    Translocation                1
 M - a book of Party Tricks

   Spells                             Type                      Level
   a - Summon Butterflies             Summoning                    1
   b - Apportation                    Translocation                1
   c - Lesser Beckoning               Translocation                3
   d - Tukima's Dance                 Hexes                        3
   e - Alistair's Intoxication        Transmutation/Poison         5
   f - Invisibility                   Hexes                        6
Comestibles
 f - 5 meat rations
 i - 11 royal jellies


   Skills:
 - Level 10.6 Fighting
 - Level 1.3 Short Blades
 * Level 6.8 Maces & Flails
 * Level 8.1 Crossbows
 - Level 10.0 Armour
 - Level 2.4 Dodging
 - Level 1.3 Stealth
 - Level 6.2 Evocations


You had 11 spell levels left.
You didn't know any spells.

Dungeon Overview and Level Annotations

Branches:
Dungeon (10/15)            Temple (1/1) D:5            Lair (1/6) D:10
    Orc (0/2) D:10

Altars:
Ashenzari
Cheibriados
Dithmenos
Fedhas
Gozag
Hepliaklqana
Kikubaaqudgha
Makhleb
Nemelex Xobeh
Okawaru
Qazlal
Ru
Sif Muna
Trog
Uskayaw
Vehumet
Wu Jian
Xom
Yredelemnul
Zin
The Shining One
Beogh

Annotations:
D:7 Narsil's ghost, novice DrNe
Lair:1 exclusion: 2 oklob plants


Innate Abilities, Weirdness & Mutations

You are small and have problems with some larger weapons.
You are carnivorous and can eat meat at any time.
You are surrounded by a mild repulsion field. (EV +2)
You are clumsy. (Dex -2)


Message History

The komodo dragon is severely wounded.
The komodo dragon bites you! The komodo dragon closely misses you.
You closely miss the komodo dragon.
The komodo dragon is severely wounded.
The komodo dragon barely misses you.
You closely miss the komodo dragon.
The komodo dragon is severely wounded.
The komodo dragon bites you.
* * * LOW HITPOINT WARNING * * *
Your chain mail prevents you from hitting the komodo dragon.
The komodo dragon is severely wounded.
The komodo dragon closely misses you.
You hit the komodo dragon but do no damage.
The komodo dragon is severely wounded.
The komodo dragon bites you!
* * * LOW HITPOINT WARNING * * *
You barely miss the komodo dragon.
The komodo dragon is severely wounded.
The komodo dragon misses you. The komodo dragon bites you!
You die...

##.###### ....
....#..######## ....
............#.#
#..#####............
#..#.!lP............
#..#.P..............
#..#([PP............
#..#####............
#.l@................
#..................≈
#..................≈≈≈
#...(...$.)........≈≈≈
#..............###≈≈≈≈
#..........#..## #.≈≈≈
#..#.##.####### #.≈≈≈
##P###### #.≈≈≈ #.≈≈≈


You could see a komodo dragon.

Vanquished Creatures
  An unseen horror (D:10)
  3 two-headed ogres
  A komodo dragon (Lair:1)
  Maurice (D:9)
  A gargoyle (D:10)
  A spiny frog (Lair:1)
  A troll (D:9)
  2 hornets
  Grinder (D:5)
  Prince Ribbit (D:7)
  2 hippogriffs
  6 yaks (Lair:1)
  2 wraiths (Ossuary)
  A hungry ghost (D:10)
  A basilisk (Lair:1)
  The ghost of MrRokkomies the Bolt Thrower, an amateur KoHu of Wu Jian (D:3)
  2 soldier ants (D:8)
  A water moccasin (Lair:1)
  3 sky beasts
  2 orc warriors
  An ice beast (D:9)
  An eye of draining (D:9)
  2 black bears (Lair:1)
  3 phantoms
  4 ogres
  3 crocodiles
  4 centaurs
  4 wolves (Lair:1)
  6 bullfrogs
  2 big kobolds (D:8)
  3 scorpions
  6 killer bees (D:10)
  13 wights
  4 crimson imps
  2 bullfrog zombies
  A quasit (D:10)
  A hound (D:6)
  3 jellies
  A centaur skeleton (D:4)
  3 centaur zombies
  6 orc priests
  2 bullfrog skeletons
  2 orc wizards (D:6)
  Jessica (D:2)
  3 iguanas
  4 worker ants
  2 hound zombies
  A worker ant zombie (D:7)
  A gnoll (D:6)
  A howler monkey skeleton (D:9)
  15 adders
  A shadow imp (D:8)
  An ooze (D:2)
  An adder skeleton (D:3)
  9 worms
  A dart slug (D:4)
  7 leopard geckos
  60 orcs
  9 giant cockroaches
  6 goblins
  9 hobgoblins
  3 jackals (D:7)
  21 kobolds
  3 quokkas
  A ball python (D:3)
  A ball python skeleton (Ossuary)
  11 bats
  5 frilled lizards
  A hobgoblin skeleton (Ossuary)
  2 hobgoblin zombies (Ossuary)
  A kobold zombie (Ossuary)
  A leopard gecko skeleton (D:5)
  A leopard gecko zombie (D:9)
  An orc skeleton (Ossuary)
  3 orc zombies (Ossuary)
  A quokka skeleton (D:8)
  11 rats
310 creatures vanquished.

Vanquished Creatures (collateral kills)
  A komodo dragon (Lair:1)
  A wolf (Lair:1)
  An orc priest (D:10)
  An orc wizard (D:10)
  An adder (D:7)
  2 orcs
  A goblin (D:3)
8 creatures vanquished.

Vanquished Creatures (others)
  A two-headed ogre (D:10)
  A komodo dragon (Lair:1)
  5 dream sheep (D:3)
  A human (D:2)
  2 orc wizards (D:4)
  An adder (D:3)
  An orc (D:9)
  A plant (Lair:1)
13 creatures vanquished.

Grand Total: 331 creatures vanquished

Notes
Turn   | Place    | Note
-------+----------+-------------------------------------------
     0 | D:1      | MrRokkomies the Kobold Artificer began the quest for the Orb.
     0 | D:1      | Reached XP level 1. HP: 12/12 MP: 3/3
    62 | D:1      | Reached XP level 2. HP: 4/16 MP: 5/5
   749 | D:1      | Reached XP level 3. HP: 21/21 MP: 6/6
  1605 | D:2      | Reached XP level 4. HP: 27/27 MP: 7/7
  1623 | D:2      | Found an ancient bone altar of Kikubaaqudgha.
  1623 | D:2      | Noticed a human
  1627 | D:2      | Killed a human
  1636 | D:2      | Reached skill level 5 in Evocations
  1732 | D:2      | Noticed Jessica
  1741 | D:2      | Killed Jessica
  1772 | D:2      | Reached XP level 5. HP: 22/32 MP: 7/9
  2072 | D:3      | Noticed MrRokkomies's ghost (amateur KoHu)
  2246 | D:3      | Noticed a dream sheep
  2246 | D:3      | Noticed a dream sheep
  2246 | D:3      | Noticed a dream sheep
  2246 | D:3      | Noticed a dream sheep
  2246 | D:3      | Noticed a dream sheep
  2246 | D:3      | Found a shimmering altar of Xom.
  2250 | D:3      | Killed a dream sheep
  2251 | D:3      | Killed a dream sheep
  2251 | D:3      | Killed a dream sheep
  2251 | D:3      | Killed a dream sheep
  2252 | D:3      | Killed a dream sheep
  3229 | D:4      | Reached XP level 6. HP: 19/38 MP: 10/10
  3521 | D:4      | Noticed an ogre
  3522 | D:4      | Killed an ogre
  3609 | D:4      | Reached skill level 5 in Fighting
  3653 | D:4      | Reached skill level 1 in Armour
  3661 | D:4      | Noticed an ogre
  3670 | D:4      | Killed an ogre
  3670 | D:4      | Reached XP level 7. HP: 17/44 MP: 11/11
  4363 | D:5      | Entered Level 5 of the Dungeon
  4386 | D:5      | Got a dazzling falchion
  4387 | D:5      | Identified the +5 falchion "Ihovvur" {antimagic, rC+ Str-5 Dex+3} (You found it on level 5 of the Dungeon)
  4539 | D:5      | Noticed Grinder
  4543 | D:5      | Paralysed by Grinder for 7 turns
  4550 | D:5      | Killed Grinder
  4550 | D:5      | Reached XP level 8. HP: 52/52 MP: 12/12
  4676 | D:5      | Found a shattered altar of Ashenzari.
  4713 | D:5      | Saw a vision of the Shoals and the Snake Pit.
  4713 | D:5      | Noticed a merfolk siren
  4713 | D:5      | Noticed an anaconda
  4713 | D:5      | Noticed a naga mage
  4713 | D:5      | Noticed a naga sharpshooter
  4713 | D:5      | Noticed an anaconda
  4713 | D:5      | Noticed a black mamba
  4713 | D:5      | Noticed a naga mage
  4713 | D:5      | Noticed a black mamba
  4715 | D:5      | Noticed a merfolk
  5043 | D:5      | Found a staircase to the Ecumenical Temple.
  5051 | Temple   | Entered the Ecumenical Temple
  5429 | D:5      | HP: 2/53 [something (6)]
  5978 | D:6      | Found a hide-covered altar of Uskayaw.
  6089 | D:6      | Found a blossoming altar of Fedhas.
  6107 | D:6      | Found a stormy altar of Qazlal.
  6220 | D:6      | Gained mutation: You are weak. (Str -2) [potion of mutation]
  6220 | D:6      | Gained mutation: You are surrounded by a mild repulsion field. (EV +2) [potion of mutation]
  6220 | D:6      | Gained mutation: You are clumsy. (Dex -2) [potion of mutation]
  6220 | D:6      | Lost mutation: You are weak. (Str -2) [potion of mutation]
  6267 | D:6      | Reached XP level 9. HP: 46/59 MP: 13/13
  6606 | D:6      | Found a hazy altar of Hepliaklqana.
  6631 | D:6      | Reached skill level 5 in Armour
  6825 | D:6      | Found a blossoming altar of Fedhas.
  6827 | D:6      | Found a radiant altar of Vehumet.
  7243 | D:7      | Noticed Prince Ribbit
  7251 | D:7      | Found a sand-covered staircase.
  7258 | Ossuary  | Entered an ossuary
  7427 | Ossuary  | HP: 3/60 [wraith (10)]
  7830 | D:7      | Killed Prince Ribbit
  7965 | D:7      | Found a basalt altar of Yredelemnul.
  8035 | D:7      | Noticed Narsil's ghost (novice DrNe)
  8364 | D:3      | Killed MrRokkomies's ghost
  8962 | D:8      | Noticed a two-headed ogre
  8967 | D:8      | Killed a two-headed ogre
  8967 | D:8      | Reached skill level 10 in Fighting
  8967 | D:8      | Reached XP level 10. HP: 68/68 MP: 14/14
  9072 | D:8      | Reached skill level 1 in Crossbows
  9116 | D:8      | Noticed a two-headed ogre
  9125 | D:8      | Killed a two-headed ogre
  9226 | D:8      | Found a shattered altar of Ashenzari.
  9515 | D:8      | Paralysed by a hornet for 1 turns
  9667 | D:8      | Found an ornate altar of the Wu Jian Council.
  9673 | D:8      | Became a worshipper of the Wu Jian Council
  9937 | D:8      | Paralysed by a hornet for 2 turns
  9957 | D:8      | Reached skill level 5 in Crossbows
 10690 | D:9      | Noticed Maurice
 10723 | D:9      | Killed Maurice
 10723 | D:9      | Reached XP level 11. HP: 73/73 MP: 15/15
 10945 | D:9      | Reached skill level 1 in Maces & Flails
 11114 | D:9      | Found a roughly hewn altar of Beogh.
 11141 | D:9      | Reached * piety under Wu Jian
 11406 | D:9      | Noticed a two-headed ogre
 11423 | D:9      | Killed a two-headed ogre
 11714 | D:10     | Entered Level 10 of the Dungeon
 11787 | D:10     | Found a staircase to the Orcish Mines.
 11900 | D:10     | Noticed a two-headed ogre
 12000 | D:10     | HP: 2/73 [something (3)]
 12021 | D:10     | Killed an unseen horror
 12420 | D:10     | Reached ** piety under Wu Jian
 12457 | D:10     | Reached skill level 5 in Maces & Flails
 12837 | D:10     | Reached skill level 10 in Armour
 13157 | D:10     | Found a staircase to the Lair.
 13243 | D:10     | Found a roughly hewn altar of Beogh.
 13366 | Lair:1   | Entered Level 1 of the Lair of Beasts
 13678 | Lair:1   | Reached XP level 12. HP: 52/79 MP: 16/16
 14422 | Lair:1   | Reached *** piety under Wu Jian
 14544 | Lair:1   | Slain by a komodo dragon

Vault maps used:
D:1:      evilmike_arrival_hilbert_curve
D:2:      first_bread, minivault_25, nrook_mini_vaults, tgw_kikubaaqudgha,
          uniq_jessica
D:3:      kb_xom_exploding_sheep
D:5:      minmay_temple_entry_glassed_door, grunt_ashenzari_visionary,
          uniq_grinder
D:6:      old_standard_altar, nicolae_qazlal_eye_of_the_storm, minitemple,
          hangedman_feature_mirror
D:7:      kennysheep_ying_yang, enter_ossuary_2, uniq_prince_ribbit1
D:8:      overflow_temple_1_default, lemuel_round_altar,
          hangedman_pestilent_swarm
D:9:      grunt_ministairs_4, uniq_maurice
D:10:     lair_entry_dummy, minmay_orc_entry_temple_small
Temple:   jpeg_temple_clearing
Lair:1:   st_stairs_10, beast_lair_carwin_2, minmay_lair_oklob_chamber,
          infiniplex_staircase_pool_2, grunt_megastairs_4
Ossuary:  ossuary_due_cavern

Skill      XL: |  1  2  3  4  5  6  7  8  9 10 11 12 |
---------------+-------------------------------------+-----
Evocations     | 4 5 6 |  6.2
Fighting       | 2 3 4 5 6 8 10 | 10.6
Armour         | 1 3 4 7 8 10 | 10.0
Crossbows      | 6 8 |  8.1
Maces & Flails | 6 |  6.8
Short Blades   | |  1.3
Dodging        | |  2.4
Stealth        | |  1.3

Action                   |  1- 3 |  4- 6 |  7- 9 | 10-12 || total
-------------------------+-------+-------+-------+-------++-------
Melee: Short sword       |   160 |   254 |    27 |       ||   441
       Flail             |       |    32 |   110 |     5 ||   147
       Long sword        |       |       |   388 |   132 ||   520
       Dagger            |       |       |       |    92 ||    92
       Morningstar       |       |       |       |   434 ||   434
 Fire: Blowgun           |       |       |       |     2 ||     2
       Hand crossbow     |       |       |       |     3 ||     3
Throw: Tomahawk          |       |       |     5 |     7 ||    12
Evoke: Wand              |     7 |     6 |    31 |    43 ||    87
  Use: Scroll            |     5 |     3 |    14 |     8 ||    30
       Potion            |       |     1 |    10 |     2 ||    13
 Stab: Confused          |       |       |     4 |     4 ||     8
       Paralysed         |       |       |     1 |       ||     1
  Eat: Chunk             |     2 |    14 |    11 |    31 ||    58
       Royal jelly       |       |       |       |     2 ||     2
Armor: Leather armour    |    15 |       |       |       ||    15
       Chain mail        |    25 |   200 |   408 |   551 ||  1184
       Plate armour      |    86 |    22 |       |       ||   108
Dodge: Dodged            |    67 |   122 |   314 |   428 ||   931
       Rpst.: Long sword |       |       |    86 |    33 ||   119
